 Dungeon Crawl Stone Soup version 0.29-a0-397-g846e4a0bbc (webtiles) character file.

Game seed: 2757573296885336301

30 MordorOrchid the Ducker (level 3, 0/28 HPs)
             Began as a Djinni Wanderer on May 12, 2022.
             Slain by Sigmund
             ... wielding a +0 scythe
              (9 damage)
             ... on level 2 of the Dungeon.
             The game lasted 00:02:30 (1157 turns).

MordorOrchid the Ducker (Djinni Wanderer)           Turns: 1157, Time: 00:02:30

Health: 0/28       AC:  6    Str: 12    XL:     3   Next: 37%
Gold:   69         EV:  9    Int: 14    God:
                   SH:  0    Dex: 12

rFire   + + .      SeeInvis .   y - +2 dagger (drain)
rCold   x . .      Faith    .   (no shield)
rNeg    . . .      Spirit   .   c - +0 scale mail
rPois   ∞          Reflect  .   (no helmet)
rElec   .          Harm     .   (no cloak)
rCorr   .          Rampage  .   (no gloves)
Will    .....                   (boots unavailable)
Stlth   ..........              (no amulet)
HPRegen 0.09/turn               (no ring)
MPRegen 0.00/turn               (no ring)

@: flying
A: sickness immunity, fire resistance 2, cold vulnerability 1, float, innate
caster, HP casting, extra vitality 1
a: no special abilities


You were on level 2 of the Dungeon.
You visited 1 branch of the dungeon, and saw 2 of its levels.

You collected 69 gold pieces.

Inventory:

Hand Weapons
 a - a +2 hand crossbow
 b - a +0 hunting sling
 h - a +0 short sword of flaming
 y - a +2 dagger of draining (weapon)
Missiles
 e - 9 javelins
 i - 6 poisoned darts
Armour
 c - a +0 scale mail (worn)
Magical Staves
 m - a staff of fire
Scrolls
 f - a scroll of enchant armour {unknown}
 g - a scroll of identify {unknown}
 j - a scroll of silence {unknown}
 k - a scroll of brand weapon {unknown}
Potions
 d - a potion of might


   Skills:
 - Level 2.0 Fighting
 - Level 1.5 Slings
 - Level 2.4 Crossbows
 - Level 2.0 Armour
 * Level 2.5 Dodging
 * Level 1.2 Spellcasting


You had 3 spell levels left.
You knew the following spells:

 Your Spells              Type           Power      Damage    Failure   Level
a - Freeze                Ice            16%        1d4       61%         1
Your spell library was empty.

Dungeon Overview and Level Annotations

Branches:
Dungeon (2/15)

Altars:
Yredelemnul

Shops:
D:1 [

Annotations:
D:2 Sigmund


Innate Abilities, Weirdness & Mutations

You are immune to sickness and miasma.
You are immune to poison.
Your flesh is very heat resistant. (rF++)
You are vulnerable to cold. (rC-)
You float through the air rather than walking.
You learn spells naturally, not from books.
Your magical power is your life essence.
You have superior vitality. (+4 MHP)


Message History

You shoot a bolt. The bolt closely misses Sigmund.
Sigmund points at you and mumbles some strange words.
The puff of flame misses you.
Okay, then.
You sense an unholy aura.
y - a +2 dagger of draining (weapon)
It was a potion of heal wounds.
You feel much better. Sigmund hits you but does no damage.
You hit Sigmund.
Sigmund is lightly wounded.
Sigmund closely misses you.
You closely miss Sigmund.
Sigmund is lightly wounded.
Sigmund hits you but does no damage.
You hit Sigmund. You drain Sigmund.
Sigmund is moderately wounded.
You hit Sigmund. You drain Sigmund.
Sigmund is moderately wounded.
Sigmund completely misses you.
You completely miss Sigmund.
Sigmund is moderately wounded.
Sigmund completely misses you.
You hit Sigmund.
Sigmund is heavily wounded.
You hit Sigmund but do no damage.
Sigmund is heavily wounded.
Sigmund gestures wildly while chanting.
Sigmund flickers and vanishes!
Deactivating autopickup; reactivate with Ctrl-A.
You hit something. Something hits you.
You hit something. Something hits you!
You barely miss something. You closely miss something.
You hear some strange, mumbled words.
A magic dart appears from out of thin air!
The magic dart hits you.
You hit something. Something hits you.
* * * LOW HITPOINT WARNING * * *
You miss something. Something hits you!
You die...

#..# .......
#..##.# #..##.# ♣
#..##.# #. #..##.#
♣ ♣.###..##.#
#..#..##..##.#
#....†.@..##.######
#..##.{...........#
# #.._...#.###....
#. #.....##... ..
####..##.....######
#......<......#
#.##..###.###.# #.
#.# .# # ... ..


There were no monsters in sight!

Vanquished Creatures
  3 dart slugs (D:1)
  2 endoplasms (D:1)
  2 goblins (D:1)
  4 hobgoblins (D:1)
  2 kobolds (D:1)
  A quokka (D:1)
  2 ball pythons
  A bat (D:1)
  2 frilled lizards (D:1)
  4 rats
  A spectral kobold (D:1)
24 creatures vanquished.

Vanquished Creatures (others)
  A plant (D:2)
1 creature vanquished.

Grand Total: 25 creatures vanquished

Notes
Turn   | Place    | Note
-------+----------+-------------------------------------------
     0 | D:1      | MordorOrchid the Djinni Wanderer began the quest for the
                  | Orb.
     0 | D:1      | Reached XP level 1. HP: 18/18 MP: 0/0
   147 | D:1      | Reached XP level 2. HP: 23/23 MP: 0/0
   304 | D:1      | Found Innosahe's Armour Emporium.
   375 | D:1      | Reached skill level 1 in Spellcasting
   481 | D:1      | Reached XP level 3. HP: 28/28 MP: 0/0
   481 | D:1      | Learned a level 1 spell: Freeze
   580 | D:1      | Found a faded altar of an unknown god.
  1120 | D:2      | Found a basalt altar of Yredelemnul.
  1137 | D:2      | Noticed Sigmund
  1157 | D:2      | Slain by Sigmund

Illustrated notes

Levels and vault maps discovered:
D:1:      lightli_arrival_quake, layout_basic,
          dreamdust_ecumenical_altar_drowned_temple, serial_shops,
          nicolae_diamond_shop, minmay_cut_off
D:2:      layout_loops_ring, serial_forest, infiniplex_forest_clump_diagonal,
          infiniplex_forest_clump_curved, infiniplex_forest_lined_corner,
          infiniplex_forest_lined_corner, infiniplex_forest_diagonal,
          basic_altar, st_stairs_5, minmay_misc_feat_square,
          minmay_misc_feat_cross, uniq_sigmund

Skill      XL: |  1  2 |
---------------+-------+-----
Dodging        | 2 |  2.5
Spellcasting   | 1 |  1.2
Fighting       | |  2.0
Slings         | |  1.5
Crossbows      | |  2.4
Armour         | |  2.0

Action                   || total
-------------------------++-------
Melee: Dagger            ||    13
 Fire: Hand crossbow     ||    56
  Use: Potion            ||     1
Armor: Scale mail        ||     6
Dodge: Dodged            ||     8

Table legend: (Time is in decaauts)
 A = Elapsed time spent in this place.
 B = Non-inter-level travel time spent in this place.
 C = Inter-level travel time spent in this place.
 D = Time resting spent in this place.
 E = Time spent auto-exploring this place.
 F = Levels seen in this place.
 G = Mean time per level.
                   A        B        C        D        E       F      G
               +--------+--------+--------+--------+--------+-----+--------+
         Total |   1192 |   1126 |     66 |      0 |    957 |   2 |  596.0 |
       Dungeon |   1192 |   1126 |     66 |      0 |    957 |   2 |  596.0 |
               +--------+--------+--------+--------+--------+-----+--------+

Top non-repeatable levels by time:
     D:1: 1153 daAuts
     D:2: 38 daAuts
